Description

This is copied from Dark_Prelate's copy of Beastyqt's build from 2020, but with the e-bay block removed so you don't have to build it if you're practicing. You can do it if you want to, but it's a bit APM taxing for those of us below master league. I think regular mech is now cooler than battlemech since cyclones had their lock on range nerfed from 15 to 9.

VOD

https://youtu.be/jSs2Oy6P5Ao

Build Order

Get SALT Encoding   

  12  0:01  SCV  
  13  0:13  SCV  
  14  0:16  Supply Depot  
  14  0:25  SCV  
  15  0:38  SCV  
  15  0:39  Barracks  
  16  0:44  Refinery  
  16  0:50  SCV  
  17  1:02  SCV  
  18  1:14  SCV  18th SCV to scout
  19  1:28  Orbital Command, Reaper  Scout
  20  1:42  Command Center  
  20  1:50  Supply Depot  
  20  1:53  SCV  
  21  2:00  Marine  
  22  2:05  SCV  
  23  2:13  Factory  
  23  2:17  Refinery  
  23  2:18  SCV  
  23  2:22  Barracks Reactor  
  26  3:05  Starport, Orbital Command  
  27  3:12  Hellion x2  
  31  3:14  Barracks Tech Lab  
  33  3:34  Hellion x2  Can harass with 4 or 6 hellions
  38  3:45  Supply Depot  
  38  3:47  Viking  Kill overlord
  41  3:48  Fusion Core  
  41  3:55  Hellion x2  
  46  4:07  Supply Depot x2  
  48  4:19  Hellion x2  
  55  4:39  Battlecruiser  Teleport into main immediately
  62  4:52  Command Center  
  63  5:00  Armory, Hellion  When complete, morph hellbats to attack 3rd hatchery
  69  5:07  Hellion  
  69  5:09  Refinery x2  
  76  5:47  Battlecruiser  
  85  6:17  Factory x2  
  83  6:21  Armory  
  78  6:29  Orbital Command  
  78  6:36  Terran Vehicle Weapons Level 1  
  82  6:43  Factory x2  
  83  6:48  Refinery x2, Barracks Reactor  
  84  6:55  Orbital Command  
  86  7:10  Starport Reactor  
  86  7:14  Factory Tech Lab  
  90  7:18  Terran Vehicle And Ship Armor Level 1  
  95  7:33  Factory Reactor  
  95  7:35  Factory Tech Lab  
  97  7:38  Siege Tank x2  
  97  7:42  Command Center  
  104  7:45  Liberator x2  
  104  7:50  Engineering Bay  
  105  7:52  Infernal Pre-Igniter  
Spawning Tool Build Advisor. Get it on Overwolf

Analysis

The general idea for this build is to harass with battlecruisers and hellions, keeping the BCs alive and sacrificing the hellions to roast drones. After 2-3 minutes of keeping the zerg (and yourself) busy with that, create a composition of thor/hellbat with battlecruisers. Mix in tanks and a couple liberators if you want to perform more than 1 action during your push.

Go to:

Details

  • Created by: flashandfoul
  • Published on: Feb 22, 2024
  • Modified on: Feb 25, 2024
  • Patch: 5.0.11
  • Difficulty: Hard
Show
View Real Time Build Order
Export as new Build Order

Comments (0)

There are no comments. Be the first!

Create an account to comment!